 Dungeon Crawl Stone Soup version 0.19.1 (webtiles) character file.

508 Alarkh the Grave Robber (level 6, -2/41 HPs)
             Began as a Mummy Necromancer on Nov 26, 2016.
             Killed by divine providence
             ... invoked by an orc priest
              (12 damage)
             ... on level 4 of the Dungeon.
             The game lasted 00:05:15 (2608 turns).

Alarkh the Grave Robber (Mummy Necromancer)         Turns: 2608, Time: 00:05:16

Health: -2/41      AC:  3    Str: 12    XL:     6   Next: 98%
Magic:  5/13       EV: 12    Int: 16    God:
Gold:   180        SH:  0    Dex: 12    Spells: 4 memorised, 3 levels left

rFire  . . .     SeeInvis .     a - +2 dagger (venom)
rCold  . . .     Gourm    .     g - +0 robe
rNeg   + + +     Faith    .     (no shield)
rPois  ∞         Spirit   .     r - +0 helmet
rElec  .         Reflect  .     (no cloak)
rCorr  .         Harm     .     (no gloves)
MR     .....                    (no boots)
Stlth  ++........               (no amulet)
                                q - ring of wizardry
                                n - ring of fire

@: no status effects
A: no food or potions, fire vulnerability, cold resistance 1, negative energy
resistance 3, torment resistance, unbreathing
a: no special abilities


You were on level 4 of the Dungeon.
You were not hungry.

You visited 1 branch of the dungeon, and saw 4 of its levels.

You collected 180 gold pieces.

Inventory:

Hand Weapons
 a - a +2 dagger of venom (weapon)
 d - a +0 dagger
Armour
 g - a +0 robe (worn)
 r - a +0 helmet (worn)
Jewellery
 n - a ring of fire (left hand)
 q - a ring of wizardry (right hand)
Wands
 l - a wand of random effects (25/48)
 m - a wand of slowing (14/48)
Scrolls
 c - 5 scrolls of remove curse {unknown}
 e - a scroll of noise {unknown}
 f - a scroll of magic mapping {unknown}
 h - 3 scrolls of enchant weapon {unknown}
 i - 2 scrolls of amnesia {unknown}
 j - a scroll of random uselessness {unknown}
 k - a scroll of blinking {unknown}
 o - a scroll of enchant armour {unknown}
Books
 b - a book of Necromancy

   Spells                             Type                      Level
   a - Pain                           Necromancy                   1
   b - Animate Skeleton               Necromancy                   1
   c - Vampiric Draining              Necromancy                   3
   d - Regeneration                   Charms/Necromancy            3
   e - Animate Dead                   Necromancy                   4
   f - Control Undead                 Necromancy                   4
 p - a book of Maledictions

   Spells                             Type                      Level
   a - Corona                         Hexes                        1
   b - Ensorcelled Hibernation        Hexes/Ice                    2
   c - Confuse                        Hexes                        3
   d - Tukima's Dance                 Hexes                        3
   e - Dazzling Spray                 Conjuration/Hexes            3


   Skills:
 - Level 1.5 Dodging
 - Level 1.5 Stealth
 + Level 5.0 Spellcasting
 + Level 6.6 Necromancy


You had 3 spell levels left.
You knew the following spells:

 Your Spells              Type           Power        Failure   Level  Hunger
a - Pain                  Necr           ####         1%          1    N/A
b - Vampiric Draining     Necr           ####......   1%          3    N/A
c - Control Undead        Necr           ####......   4%          4    N/A
d - Animate Dead          Necr           N/A          4%          4    N/A

Dungeon Overview and Level Annotations

Branches:
Dungeon (4/15)
 Temple: D:4-7

Altars:
Fedhas
Nemelex Xobeh


Innate Abilities, Weirdness & Mutations

You do not eat or drink.
Your flesh is vulnerable to fire.
You are immune to poison.
Your flesh is cold resistant. (rC+)
You are immune to negative energy. (rN+++)
You are immune to unholy pain and torment.
You can survive without breathing.


Message History

Casting: Pain
Confirm with . or Enter, or press ? or * to list all spells.
Aiming: Pain
Press: ? - help, Shift-Dir - straight line, f/p - orc
Aim: an orc, wielding a mace of protection and wearing a ring mail (severely wounded, chance to defeat MR: 93%)
The orc writhes in agony!
The orc priest mumbles some strange prayers to Beogh against you.
Beogh smites you!
* * * LOW HITPOINT WARNING * * *
The orc barely misses you.
Casting: Pain
Confirm with . or Enter, or press ? or * to list all spells.
Aiming: Pain
Press: ? - help, Shift-Dir - straight line, f/p - orc
Aim: an orc, wielding a mace of protection and wearing a ring mail (severely wounded, chance to defeat MR: 93%)
The orc writhes in agony!
You kill the orc!
The orc priest calls down the wrath of Beogh upon you.
Beogh smites you!
You die...

...##.# #...#
..##..# ##.##
.##..## #.#
##...# #####.####
#..[.# #........#
..+.# #.###.##.#
#..!## #.##.#
.....## ##.##.#
......## ##...#@#
.......#
.#....#)########.
.......+
........o..ooo...
.......#
.#....#.####.....
......##
........# ...
.....## #####.###
. #..<## #. ##'##
# #.#


You could see an orc priest.

Vanquished Creatures
  An ogre (D:4)
  Blork the orc (D:4)
  A hound (D:4)
  An orc priest (D:4)
  An orc wizard (D:3)
  Ijyb (D:2)
  Natasha (thrice) (D:2)
  Robin (D:4)
  A howler monkey skeleton (D:4)
  3 adders
  An adder skeleton (D:4)
  3 worms
  3 dart slugs
  4 leopard geckos
  5 orcs
  3 giant cockroaches
  18 goblins
  16 hobgoblins
  7 jackals
  2 quokkas
  7 bats
  5 frilled lizards
  A jackal skeleton (D:4)
  6 kobolds
  6 rats
101 creatures vanquished.

Notes
Turn   | Place    | Note
-------+----------+-------------------------------------------
     0 | D:1      | Alarkh the Mummy Necromancer began the quest for the Orb.
     0 | D:1      | Reached XP level 1. HP: 13/13 MP: 3/3
   203 | D:1      | Reached XP level 2. HP: 19/19 MP: 1/5
   700 | D:2      | Reached XP level 3. HP: 22/24 MP: 0/6
   705 | D:2      | Learned a level 3 spell: Vampiric Draining
   842 | D:2      | Noticed Ijyb
   872 | D:2      | Killed Ijyb
   872 | D:2      | Reached XP level 4. HP: 11/30 MP: 5/8
  1104 | D:2      | Reached skill level 5 in Necromancy
  1306 | D:2      | Noticed Natasha
  1310 | D:2      | Killed Natasha
  1345 | D:2      | Noticed Natasha
  1350 | D:2      | Killed Natasha
  1360 | D:2      | Found a blossoming altar of Fedhas.
  1393 | D:2      | Noticed Natasha
  1404 | D:2      | Killed Natasha
  1404 | D:2      | Reached XP level 5. HP: 20/35 MP: 0/10
  2049 | D:4      | Learned a level 4 spell: Control Undead
  2055 | D:4      | Learned a level 4 spell: Animate Dead
  2114 | D:4      | Reached XP level 6. HP: 30/41 MP: 8/12
  2152 | D:4      | Reached skill level 6 in Necromancy
  2291 | D:4      | Noticed Robin
  2295 | D:4      | Killed Robin
  2321 | D:4      | Noticed Blork the orc
  2498 | D:4      | Killed Blork the orc
  2540 | D:4      | Found a sparkling altar of Nemelex Xobeh.
  2593 | D:4      | Reached skill level 5 in Spellcasting
  2608 | D:4      | Killed from afar by an orc priest

Skill      XL: |  1  2  3  4  5  6 |
---------------+-------------------+-----
Spellcasting   | 3 4 5 |  5.0
Necromancy     | 5 6 |  6.6
Dodging        | |  1.5
Stealth        | |  1.5

Action                   |  1- 3 |  4- 6 || total
-------------------------+-------+-------++-------
Melee: Unarmed           |     2 |       ||     2
       Dagger            |    52 |    62 ||   114
 Cast: Pain              |    38 |   125 ||   163
 Stab: Sleeping          |     2 |     2 ||     4
Armor: Robe              |     4 |    13 ||    17
Dodge: Dodged            |    29 |    34 ||    63
